 Dungeon Crawl Stone Soup version 0.27-a0-1456-gf5a116941d (webtiles) character file.

Game seed: 6238692135264588278

137 zero the Magician (level 5, -2/40 HPs)
             Began as a Djinni Conjurer on July 6, 2021.
             Slain by a gnoll (4 damage)
             ... on level 3 of the Dungeon.
             The game lasted 00:02:50 (3476 turns).

zero the Magician (Djinni Conjurer)                 Turns: 3476, Time: 00:02:50

Health: -2/40      AC:  5    Str:  6    XL:     5   Next: 43%
Gold:   175        EV: 12    Int: 21    God:
                   SH:  0    Dex: 11

rFire    + + .     SeeInvis .   d - +0 rapier
rCold    x . .     Faith    .   (no shield)
rNeg     . . .     Spirit   .   b - +1 robe {Will+}
rPois    ∞         Reflect  .   (no helmet)
rElec    .         Harm     .   k - +0 cloak
rCorr    .         Rampage  .   l - +0 pair of gloves
Will     +....                  (boots unavailable)
Stlth    ++........             (no amulet)
HPRegen  0.13/turn              (no ring)
MPRegen  0.00/turn              (no ring)

@: flying
A: sickness immunity, fire resistance 2, cold vulnerability 1, float, innate
caster, hp casting, extra vitality 1
a: no special abilities


You were on level 3 of the Dungeon.
You visited 1 branch of the dungeon, and saw 3 of its levels.

You collected 175 gold pieces.

Inventory:

Hand Weapons
 d - a +0 rapier (weapon)
Armour
 b - a +1 robe of willpower (worn)
 k - a +0 cloak (worn)
 l - a +0 pair of gloves (worn)
Scrolls
 a - 2 scrolls of enchant armour {unknown}
 e - a scroll of noise {unknown}
 f - 2 scrolls of fog {unknown}
 h - a scroll of teleportation {unknown}
 i - a scroll of identify {unknown}
Potions
 c - 2 potions of haste {unknown}
 g - a potion of invisibility {unknown}
 j - a potion of lignification {unknown}


   Skills:
 + Level 3.1 Fighting
 - Level 2.1 Dodging
 - Level 1.5 Stealth
 + Level 4.2 Spellcasting


You couldn't memorise any spells.
You knew the following spells:

 Your Spells              Type           Power      Damage    Failure   Level
a - Magic Dart            Conj           88%        1d7       1%          1
b - Searing Ray           Conj           44%        3d4       3%          2
c - Dazzling Flash        Conj/Hex       44%        N/A       6%          3
d - Fulminant Prism       Conj/Hex       11%        3d9       21%         4
e - Iskenderun's Mystic   Conj/Tloc      22%        2d6       21%         4
f - Sting                 Tmut/Pois      88%        1d7       1%          1
g - Call Imp              Summ           22%        N/A       3%          2
Your spell library was empty.

Dungeon Overview and Level Annotations

Branches:
Dungeon (3/15)

Altars:
Elyvilon

Annotations:
D:2 1 runed translucent door, Crazy Yiuf


Innate Abilities, Weirdness & Mutations

You are immune to sickness and miasma.
You are immune to poison.
Your flesh is very heat resistant. (rF++)
You are vulnerable to cold. (rC-)
You float through the air rather than walking.
You learn spells naturally, not from books.
Your magical power is your life essence.
You have superior vitality. (+4 HP)


Message History

The gnoll shouts!
A gnoll sergeant comes into view. It is wielding a +0 spear.
There are monsters nearby!
The magic dart hits the gnoll sergeant.
The gnoll sergeant is lightly wounded.
A gnoll comes into view. It is wielding a +0 spear.
The gnoll sergeant hits you with a +0 spear!
There are monsters nearby!
The magic dart hits the gnoll sergeant.
The gnoll sergeant is moderately wounded.
The gnoll shouts!
The gnoll sergeant closely misses you.
You barely miss the gnoll sergeant.
The gnoll sergeant is moderately wounded.
The gnoll sergeant hits you with a +0 spear!
There are monsters nearby!
Casting: Magic Dart (safe; 1% risk of failure)
Confirm with . or Enter, or press ? or * to list all spells.
Aiming: Searing Ray (safe; 3% risk of failure)
Press: ? - help, Shift-Dir - straight line, f - gnoll, p - gnoll sergeant
Aim: a gnoll, wielding a +0 spear (81% to hit)
The searing ray hits the gnoll sergeant!
The gnoll sergeant is heavily wounded.
The searing ray hits the gnoll!
The gnoll is heavily wounded. (Press . to maintain the ray.)
You hear a shout!
The gnoll sergeant closely misses you.
A gnoll comes into view. It is wielding a +0 whip.
The gnoll hits you from afar with a +0 spear.
* * * LOW HITPOINT WARNING * * *
The searing ray hits the gnoll sergeant!
The gnoll sergeant is almost dead.
The searing ray hits the gnoll.
The gnoll is almost dead.
* * * LOW HITPOINT WARNING * * *
The gnoll sergeant hits you with a +0 spear!
* * * LOW HITPOINT WARNING * * *
The gnoll hits you from afar with a +0 spear.
You die... #....... .. ###.#### #. #..# #. #.## ##. #.# . ..## #.# #. gg#

#.# #.. #g# #.# #..)
#@# #.# .....##.#
########.#
#.......###........#
.........##.#####..#
########...........#
####....####.##
............#.#
.####^####....# ....
#..###


You could see a gnoll sergeant and 2 gnolls.

Vanquished Creatures
  2 orc priests (D:2)
  An adder (D:2)
  A dart slug (D:1)
  4 orcs
  2 giant cockroaches (D:1)
  5 goblins
  5 hobgoblins
  9 jackals (D:2)
  A quokka (D:2)
  10 ball pythons
  7 bats
  3 frilled lizards
  6 kobolds
  3 rats
59 creatures vanquished.

Notes
Turn   | Place    | Note
-------+----------+-------------------------------------------
     0 | D:1      | zero the Djinni Conjurer began the quest for the Orb.
     0 | D:1      | Reached XP level 1. HP: 15/15 MP: 0/0
   208 | D:1      | Reached XP level 2. HP: 7/22 MP: 0/0
   275 | D:1      | Reached skill level 1 in Fighting
  1108 | D:1      | Reached XP level 3. HP: 24/27 MP: 0/0
  1108 | D:1      | Learned a level 1 spell: Sting
  1934 | D:2      | Reached XP level 4. HP: 13/33 MP: 0/0
  2807 | D:2      | Reached skill level 4 in Spellcasting
  2807 | D:2      | Reached XP level 5. HP: 31/40 MP: 0/0
  2807 | D:2      | Learned a level 2 spell: Call Imp
  3224 | D:2      | Found a runed translucent door.
  3225 | D:2      | Noticed Crazy Yiuf
  3463 | D:3      | Found a white marble altar of Elyvilon.
  3476 | D:3      | HP: 2/40 [gnoll sergeant (8)]
  3476 | D:3      | Slain by a gnoll

Illustrated notes

Levels and vault maps discovered:
D:1:      erik_arrival_orb_chamber, layout_basic, minmay_cut_off
D:2:      layout_basic, uniq_crazy_yiuf_cottage
D:3:      layout_loops_cross, lemuel_tele_altar, serial_shops, shop_statue,
          shapermc_ecumenical_altar_totnotflames, glass_columns_b

Skill      XL: |  1  2  3  4  5 |
---------------+----------------+-----
Fighting       | 1 2 3 |  3.1
Spellcasting   | 4 |  4.2
Dodging        | |  2.1
Stealth        | |  1.5

Action                   |  1- 3 |  4- 6 || total
-------------------------+-------+-------++-------
Melee: Rapier            |     4 |     7 ||    11
 Cast: Magic Dart        |    29 |    35 ||    64
       Searing Ray       |    10 |     6 ||    16
       Dazzling Flash    |     1 |       ||     1
Armor: Robe              |     8 |     3 ||    11
Dodge: Dodged            |    32 |    10 ||    42

Table legend: (Time is in decaauts)
 A = Elapsed time spent in this place.
 B = Non-inter-level travel time spent in this place.
 C = Inter-level travel time spent in this place.
 D = Time resting spent in this place.
 E = Time spent auto-exploring this place.
 F = Levels seen in this place.
 G = Mean time per level.
                   A        B        C        D        E       F      G
               +--------+--------+--------+--------+--------+-----+--------+
         Total |   3476 |   3366 |    110 |   1503 |   1564 |   3 | 1158.7 |
       Dungeon |   3476 |   3366 |    110 |   1503 |   1564 |   3 | 1158.7 |
               +--------+--------+--------+--------+--------+-----+--------+

Top non-repeatable levels by time:
     D:1: 1749 daAuts
     D:2: 1510 daAuts
     D:3: 217 daAuts
